 Dungeon Crawl Stone Soup version 0.19.5 (webtiles) character file.

3012 NullDivider the Covert (level 9, -7/39 HPs)
             Began as a Felid Monk on Apr 21, 2017.
             Was a High Priest of Dithmenos.
             Killed by divine providence
             ... invoked by an orc priest
              (12 damage)
             ... on level 11 of the Dungeon on Apr 22, 2017.
             The game lasted 01:24:35 (13300 turns).

NullDivider the Covert (Felid Monk)                Turns: 13300, Time: 01:24:36

Health: -7/39      AC:  6    Str:  7    XL:     9   Next: 55%
Magic:  0/10       EV: 31    Int: 12    God:    Dithmenos [*****.]
Gold:   745        SH:  4    Dex: 22    Spells: 0 memorised, 8 levels left
                                        Lives:  0   Deaths: 2

rFire  . . .     SeeInvis +       - Unarmed
rCold  . . .     Gourm    .     (armour unavailable)
rNeg   . . .     Faith    .     (shield unavailable)
rPois  +         Spirit   +     (helmet unavailable)
rElec  .         Reflect  .     (cloak unavailable)
rCorr  .         Harm     .     (gloves unavailable)
MR     +....                    (boots unavailable)
Stlth  +++++++++.               A - amulet of guardian spirit
                                v - +4 ring of protection
                                o - ring of poison resistance

@: wreathed by umbra, quick
A: no armour, no weapons or thrown items, stealth, claws 1, fangs 3, large bone
plates 1, see invisible, carnivore 3, speed 1, shaggy fur 2, slow metabolism 1,
wild magic 1, sharp paws
a: Shadow Step, Shadow Form, Renounce Religion


You were on level 11 of the Dungeon.
You worshipped Dithmenos.
Dithmenos was extremely pleased with you.
You were completely stuffed.

You visited 1 branch of the dungeon, and saw 11 of its levels.

You collected 745 gold pieces.

Inventory:

Jewellery
 o - a ring of poison resistance (left paw)
 v - a +4 ring of protection (right paw)
 w - an uncursed ring of magical power
 A - an amulet of guardian spirit (around neck)
 F - a +4 ring of strength
 H - an uncursed amulet of harm
Wands
 e - a wand of iceblast (10/15)
 E - a wand of lightning (2/15)
Scrolls
 c - 3 scrolls of remove curse
 f - 4 scrolls of identify
 q - a scroll of magic mapping
 r - a scroll of immolation {unknown}
 s - 2 scrolls of amnesia
 y - 3 scrolls of recharging
 z - a scroll of holy word {unknown}
 G - a scroll of teleportation
Potions
 b - 2 potions of agility {unknown}
 d - a potion of lignification {unknown}
 g - 3 potions of magic
 k - a potion of cure mutation
 m - a potion of mutation {unknown}
 n - a potion of haste {unknown}
 p - a potion of resistance {unknown}
 t - a potion of might {unknown}
 u - a potion of flight {unknown}
 C - a potion of degeneration {unknown}
Books
 i - a book of Callings

   Spells                             Type                      Level
   a - Summon Small Mammal            Summoning                    1
   b - Call Imp                       Summoning                    2
   c - Call Canine Familiar           Summoning                    3
   d - Summon Guardian Golem          Hexes/Summoning              3
   e - Summon Lightning Spire         Summoning/Air                4
   f - Summon Ice Beast               Ice/Summoning                4
 x - a book of Cantrips

   Spells                             Type                      Level
   a - Confusing Touch                Hexes                        1
   b - Animate Skeleton               Necromancy                   1
   c - Summon Small Mammal            Summoning                    1
   d - Apportation                    Translocation                1
 B - a book of Party Tricks

   Spells                             Type                      Level
   a - Summon Butterflies             Summoning                    1
   b - Apportation                    Translocation                1
   c - Lesser Beckoning               Translocation                3
   d - Tukima's Dance                 Hexes                        3
   e - Alistair's Intoxication        Transmutation/Poison         5
   f - Invisibility                   Hexes                        6
Comestibles
 a - 7 meat rations
 h - 8 beef jerkies
 j - 3 chunks of flesh
 l - a slice of pizza


   Skills:
 + Level 4.1 Fighting
 * Level 12.1 Dodging
 + Level 12.7 Stealth
 + Level 11.8 Unarmed Combat


You had 8 spell levels left.
You didn't know any spells.

Dungeon Overview and Level Annotations

Branches:
Dungeon (11/15)            Temple (0/1) D:6            Lair (0/6) D:11
    Orc (0/2) D:11

Altars:
Ashenzari
Dithmenos
Kikubaaqudgha
Nemelex Xobeh
Okawaru
Xom
Yredelemnul
Zin
Beogh

Annotations:
D:7 Dadi's ghost, novice GrFi


Innate Abilities, Weirdness & Mutations

You cannot wear armour.
You are incapable of wielding weapons or throwing items.
Your paws allow you to move quietly. (Stealth)
You have sharp claws.
You have razor-sharp teeth.
You have supernaturally acute eyesight. (SInv)
You are carnivorous and can eat meat at any time.
You cover ground quickly.
You are covered in thick fur. (AC +2)
You have a slow metabolism.
Your sharp claws are effective at attacking unaware monsters.
You are partially covered in large bone plates. (SH +4)
Your spells are a little harder to cast, but a little more powerful.


Message History

You scratch the yak. You bite the yak, but do no damage.
The yak is moderately wounded.
The yak closely misses you.
You scratch the yak. You bite the yak, but do no damage.
The yak is heavily wounded.
The yak misses you.
You scratch the yak. You bite the yak, but do no damage.
The yak is heavily wounded.
You scratch the yak.
The yak is heavily wounded.
The yak gores you!
* * * LOW HITPOINT WARNING * * *
You claw the yak!
The yak is severely wounded.
The yak closely misses you.
You scratch the yak but do no damage.
The yak is severely wounded.
The orc priest calls down the wrath of Beogh upon you.
Beogh smites you!
You die...

### ..# ..# #### ..# #... ..#
##... ..################## #....
......o.W.......@Yo### ###...(
ยง.################Y).######.....#
..# ###....#...#.### ..#
#.##.).....### ..# #o####.#.....#
### 8o####.#..#### ## .'........##
.## #..l..8Y....#Y>##### ..#
#.....#...###.##...#


You could see 2 yaks and an orc priest.

Vanquished Creatures
  3 hill giants
  An orc knight (D:11)
  A gargoyle (D:9)
  Psyche (D:9)
  2 trolls (D:9)
  A wyvern (D:7)
  2 yaks (D:11)
  Edmund (D:5)
  2 hell hounds (D:11)
  6 orc warriors
  2 black bears
  A hornet zombie (D:10)
  3 ice beasts
  An eye of draining (D:11)
  2 sky beasts
  A necrophage (D:7)
  8 ogres
  6 centaurs
  2 phantoms
  A big kobold (D:8)
  3 bullfrogs
  A gnoll sergeant (D:9)
  5 scorpions
  A howler monkey (D:4)
  A vampire bat (D:5)
  12 crimson imps
  2 centaur zombies
  A centaur skeleton (D:5)
  7 orc priests
  3 hounds
  A jelly (D:7)
  8 orc wizards
  A quasit (D:9)
  3 iguanas
  A bullfrog skeleton (D:5)
  Ijyb (D:3)
  Terence (D:3)
  6 worker ants
  A hound skeleton (D:5)
  A worker ant zombie (D:11)
  A howler monkey zombie (D:7)
  6 gnolls
  18 adders
  4 shadow imps
  An ooze (D:3)
  2 adder zombies
  4 worms
  2 dart slugs
  2 leopard geckos
  48 orcs
  A ball python (D:1)
  6 giant cockroaches
  12 goblins
  5 hobgoblins
  10 jackals
  5 quokkas
  19 bats
  7 frilled lizards
  13 kobolds
  19 rats
292 creatures vanquished.

Notes
Turn   | Place    | Note
-------+----------+-------------------------------------------
     0 | D:1      | NullDivider the Felid Monk began the quest for the Orb.
     0 | D:1      | Reached XP level 1. HP: 10/10 MP: 2/2
    43 | D:1      | Reached XP level 2. HP: 14/14 MP: 3/3
   519 | D:1      | Reached XP level 3. HP: 17/17 MP: 4/4
  1017 | D:2      | Found a shattered altar of Ashenzari.
  1367 | D:2      | Reached XP level 4. HP: 21/21 MP: 5/5
  1407 | D:2      | Reached skill level 5 in Dodging
  2520 | D:3      | Noticed Ijyb
  2522 | D:3      | Noticed Terence
  2549 | D:3      | Killed Ijyb
  2549 | D:3      | Reached XP level 5. HP: 16/24 MP: 6/6
  3053 | D:3      | Killed Terence
  3592 | D:3      | Found a basalt altar of Yredelemnul.
  3726 | D:4      | Noticed an ogre
  3743 | D:4      | Killed an ogre
  3743 | D:4      | Reached skill level 5 in Stealth
  3743 | D:4      | Reached skill level 5 in Unarmed Combat
  3743 | D:4      | Gained mutation: You are covered in thick fur. (AC +2) [Felid growth]
  3743 | D:4      | Reached XP level 6. HP: 28/28 MP: 7/7
  4325 | D:4      | Found a shimmering altar of Xom.
  4474 | D:5      | Entered Level 5 of the Dungeon
  4520 | D:5      | Found a shadowy altar of Dithmenos.
  4536 | D:5      | Reached XP level 7. HP: 31/31 MP: 8/8
  4653 | D:5      | Became a worshipper of Dithmenos the Shadowed
  4653 | D:5      | Reached * piety under Dithmenos
  4653 | D:5      | Reached ** piety under Dithmenos
  4808 | D:5      | Noticed Edmund
  4815 | D:5      | Killed Edmund
  4960 | D:5      | Reached XP level 8. HP: 36/36 MP: 9/9
  5591 | D:6      | Found a glowing silver altar of Zin.
  5597 | D:6      | Reached *** piety under Dithmenos
  6113 | D:6      | Found an iron altar of Okawaru.
  6437 | D:6      | Gained mutation: Your muscles are strong. (Str +2) [mutagenic meat]
  6438 | D:6      | Gained mutation: You regenerate slowly when monsters are visible. [mutagenic meat]
  6438 | D:6      | Lost mutation: Your muscles are strong. (Str +2) [potion of cure mutation]
  6438 | D:6      | Lost mutation: You regenerate slowly when monsters are visible. [potion of cure mutation]
  6440 | D:6      | Gained mutation: Your spells are a little harder to cast, but a little more powerful. [mutagenic meat]
  6441 | D:6      | Gained mutation: You are partially covered in large bone plates. (SH +4) [mutagenic meat]
  6566 | D:6      | Found a staircase to the Ecumenical Temple.
  6625 | D:7      | Noticed Dadi's ghost (novice GrFi)
  6864 | D:7      | Reached XP level 9. HP: 39/39 MP: 10/10
  7042 | D:7      | Noticed a hill giant
  7071 | D:7      | Killed a hill giant
  7071 | D:7      | Reached skill level 10 in Stealth
  7266 | D:7      | Found a sparkling altar of Nemelex Xobeh.
  7996 | D:8      | Reached **** piety under Dithmenos
  7996 | D:8      | Reached skill level 10 in Dodging
  8340 | D:8      | Reached skill level 10 in Unarmed Combat
  8446 | D:8      | Reached XP level 10. HP: 42/42 MP: 11/11
  8872 | D:9      | Found an ancient bone altar of Kikubaaqudgha.
  8872 | D:9      | Noticed Psyche
  8940 | D:9      | Killed Psyche
  9848 | D:9      | Noticed a gargoyle
  9870 | D:9      | Killed a gargoyle
 10154 | D:10     | Entered Level 10 of the Dungeon
 11272 | D:10     | Reached ***** piety under Dithmenos
 11604 | D:11     | Noticed a hill giant
 11611 | D:11     | Killed a hill giant
 11773 | D:11     | Noticed a hill giant
 11821 | D:11     | Killed a hill giant
 11821 | D:11     | Reached XP level 11. HP: 46/46 MP: 12/12
 11988 | D:11     | Noticed an orc knight
 12160 | D:11     | Found a staircase to the Lair.
 12275 | D:11     | Killed from afar by a hell hound
 12276 | D:11     | Reached XP level 10. HP: 0/42 MP: 0/11
 12592 | D:11     | Found a roughly hewn altar of Beogh.
 12592 | D:11     | Found a staircase to the Orcish Mines.
 12595 | D:11     | Noticed an orc knight
 12682 | D:11     | Killed from afar by a hell hound
 12683 | D:11     | Reached XP level 9. HP: -10/39 MP: 0/10
 13223 | D:11     | Killed an orc knight
 13300 | D:11     | Killed from afar by an orc priest

Skill      XL: |  1  2  3  4  5  6  7  8  9 10 |
---------------+-------------------------------+-----
Stealth        | 3 4 5 6 7 8 11 12 | 12.7
Dodging        | 5 6 7 9 12 11 | 12.1
Unarmed Combat | 4 5 6 8 10 11 | 11.8
Fighting       | 4 |  4.1

Action                   |  1- 3 |  4- 6 |  7- 9 | 10-12 || total
-------------------------+-------+-------+-------+-------++-------
Melee: Unarmed           |    90 |   244 |   436 |   295 ||  1065
       Bite              |     3 |    25 |    53 |    32 ||   113
       Punch             |       |     4 |    16 |    13 ||    33
Evoke: Wand              |       |       |       |     2 ||     2
  Use: Scroll            |     1 |    10 |     2 |     9 ||    22
       Potion            |       |     2 |     4 |     4 ||    10
 Stab: Sleeping          |    16 |    13 |    34 |    19 ||    82
       Distracted        |       |     2 |     4 |     3 ||     9
  Eat: Chunk             |     8 |     7 |    18 |    11 ||    44
Armor: Skin              |     4 |     5 |    12 |    14 ||    35
Dodge: Dodged            |    85 |   154 |   361 |   167 ||   767
Block: Other             |       |       |    28 |    27 ||    55
